 Dungeon Crawl Stone Soup version 0.28-a0-544-g207b005307 (webtiles) character file.

Game seed: 10998230891659174251

28198 Ijustatesigmund the Fighter (level 13, -4/61 HPs)
             Began as a Gargoyle Fighter on Sept 28, 2021.
             Was a High Priest of Okawaru.
             Killed from afar by a starcursed mass (12 damage)
             ... with an accursed screaming
             ... on level 1 of the Abyss.
             The game lasted 00:38:25 (16759 turns).

Ijustatesigmund the Fighter (Gargoyle Fighter)     Turns: 16759, Time: 00:38:25

Health: -4/61      AC: 26    Str: 24    XL:     13   Next: 37%
Magic:  14/19      EV: 17    Int:  9    God:    Okawaru [*****.]
Gold:   195        SH: 17    Dex: 11    Spells: 12/12 levels left

rFire   . . .      SeeInvis .   a - +4 flail (flame)
rCold   + . .      Faith    .   c - +0 kite shield
rNeg    + . .      Spirit   .   b - +0 scale mail "Opheoll" {Regen+ Dex-2 Stlth+}
rPois   ∞          Reflect  +   n - +1 helmet
rElec   +          Harm     .   j - +0 cloak {Stlth+}
rCorr   .          Rampage  .   m - +2 pair of gloves {Str+3}
Will    .....      Rage     3%  (no boots)
Stlth   +++.......              l - amulet of reflection
HPRegen 1.20/turn               s - +4 ring of evasion
MPRegen 0.16/turn               A - ring of protection from cold

@: heroic, finesse-ful, unable to read
A: sickness immunity, AC +9, negative energy resistance 1, electricity
resistance, torment resistance 1, petrification resistance, [berserk 2], [frail
3], [screaming 2], [inability to read while threatened]
a: Renounce Religion, Heroism, Finesse, Duel


You were on level 1 of the Abyss.
You worshipped Okawaru.
Okawaru was extremely pleased with you.
You visited 3 branches of the dungeon, and saw 16 of its levels.
You visited the Abyss 1 time.
You also visited: Sewer.

You collected 953 gold pieces.
You spent 758 gold pieces at shops.

Inventory:

Hand Weapons
 a - a +4 flail of flaming (weapon)
 p - a +0 mace of holy wrath
Missiles
 q - 4 throwing nets (quivered)
Armour
 b - the +0 scale mail "Opheoll" (worn) {Regen+ Dex-2 Stlth+}
   (You bought it in a shop on level 10 of the Dungeon)

   Dex:       It affects your dexterity (-2).
   Regen:     It increases your rate of health regeneration.
   Stlth:     It makes you more stealthy.
 c - a +0 kite shield (worn)
 d - +0 acid dragon scales
 j - a +0 cloak of stealth (worn)
 m - a +2 pair of gloves of strength (worn)
 n - a +1 helmet (worn)
Jewellery
 l - an amulet of reflection (around neck)
 s - a +4 ring of evasion (left hand)
 v - a ring of magical power
 A - a ring of protection from cold (right hand)
Wands
 t - a wand of acid (2)
 C - a wand of iceblast (12)
 G - a wand of polymorph (7)
 H - a wand of digging (7)
Scrolls
 f - a scroll of torment
 i - a scroll of immolation
 y - a scroll of silence
 D - 3 scrolls of brand weapon
 E - 4 scrolls of identify
Potions
 e - 2 potions of attraction
 h - 2 potions of lignification
 r - 2 potions of flight
 u - 2 potions of brilliance
 x - 2 potions of cancellation


   Skills:
 + Level 13.3(18.3) Fighting
 + Level 12.5(17.5) Maces & Flails
 - Level 7.5(12.5) Armour
 + Level 4.0(9.0) Dodging
 - Level 8.0(13.0) Shields
 + Level 8.7 Invocations
 - Level 5.9 Evocations


You had 12 spell levels left.
You didn't know any spells.
Your spell library contained the following spells:

 Spells                   Type           Power      Damage    Failure   Level
 Beastly Appendage        Tmut           0%         N/A       71%         1
 Pain                     Necr           0%         1d4       71%         1
 Ensorcelled Hibernation  Hex/Ice        0%         N/A       83%         2
 Static Discharge         Conj/Air       0%         N/A       83%         2
 Wereblood                Tmut           0%         N/A       83%         2
 Dazzling Flash           Conj/Hex       0%         N/A       97%         3
 Spider Form              Tmut/Pois      0%         N/A       97%         3
 Vampiric Draining        Necr           0%         2d6       97%         3
 Airstrike                Air            0%         N/A       100%        4
 Petrify                  Tmut/Erth      0%         N/A       100%        4
 Agony                    Necr           0%         N/A       100%        5
 Lightning Bolt           Conj/Air       0%         1d11      100%        5
 Metabolic Englaciation   Hex/Ice        0%         N/A       100%        5
 Silence                  Hex/Air        0%         N/A       100%        5
 Maxwell's Capacitive Co  Air            0%         ∞         100%        8
 Animate Skeleton         Necr           Unusable   N/A       N/A         1
 Tukima's Dance           Hex            Unusable   N/A       N/A         3
 Summon Lightning Spire   Summ/Air       Unusable   N/A       N/A         4
 Statue Form              Tmut/Erth      Unusable   N/A       N/A         6

Dungeon Overview and Level Annotations

Branches:
Dungeon (13/15)            Temple (1/1) D:5            Lair (2/6) D:11
    Orc (0/2) D:9           Sewer (visited)
  Swamp: Lair:2-4    Shoals: Lair:2-4     Snake: Lair:2-4    Spider: Lair:2-4
 Vaults: D:13-14

Altars:
Ashenzari
Cheibriados
Dithmenos
Elyvilon
Fedhas
Gozag
Hepliaklqana
Kikubaaqudgha
Makhleb
Nemelex Xobeh
Okawaru
Qazlal
Ru
Trog
Uskayaw
Vehumet
Wu Jian
Xom
Yredelemnul
Zin
The Shining One

Shops:
D:2 *   D:4 **:   D:7 *   D:10 *[   D:12 [

Annotations:
D:13 Erolcha


Innate Abilities, Weirdness & Mutations

You are immune to sickness and miasma.
Your stone body is resilient. (AC +9)
You are immune to poison.
You resist negative energy. (rN+)
You are resistant to electric shocks. (rElec)
You are resistant to unholy torment.
You are immune to petrification.
[You often lose your temper in combat.]
[You are extremely frail. (-30% HP)]
[You frequently scream uncontrollably at your foes.]
[You sometimes lose the ability to read scrolls when taking damage.]


Message History

The ancient zyme is heavily damaged.
The ancient zyme hits you but does no damage.
The ancient zyme misses you.
You sock the ancient zyme! You burn the ancient zyme.
The ancient zyme is almost destroyed.
A chorus of shrieks assaults your mind.
* * * LOW HITPOINT WARNING * * *
You hit the ancient zyme. You burn the ancient zyme.
The ancient zyme is almost destroyed.
The ancient zyme completely misses you. You block the ancient zyme's attack.
You feel better.
The starcursed mass touches you but does no damage.
The ancient zyme misses you. x2
You bludgeon the ancient zyme!! You burn the ancient zyme.
You destroy the ancient zyme!
Okawaru accepts your kill.
A starcursed mass splits.
You sock the starcursed mass! You burn the starcursed mass.
The starcursed mass is moderately damaged.
The starcursed mass shudders and is absorbed by its neighbour.
A starcursed mass splits.
A chorus of shrieks assaults your mind.
* * * LOW HITPOINT WARNING * * *
There is a corrupted altar of Lugonu here.
You hit the starcursed mass. You burn the starcursed mass.
The starcursed mass is lightly damaged.
The starcursed mass shudders and is absorbed by its neighbour.
A starcursed mass splits.
You block the starcursed mass's attack.
An apocalypse crab comes into view.
The starcursed mass barely misses you. The starcursed mass touches you.
* * * LOW HITPOINT WARNING * * *
A starcursed mass splits.
A deafening chorus of shrieks assaults your mind!
* * * LOW HITPOINT WARNING * * *
You suddenly lose the ability to move!
You can move again.
A starcursed mass splits.
A deafening chorus of shrieks assaults your mind!
You die...

#. # . ....## #
##.# ###..#..
..# # # #.#.#...
..# ..#.
#...#..#.##..# #
. #...XX.#...#
.# . ...
#XX#..###. [. .
#.. .###X.#.#
###.##
#.._#X###.#.##.#
.# #......#@# #
..# ..
....#.##..## ..
.## #.
..#..#...##.. .
.## .. .
......... .....
.....#..#.#.# #
#.#. #.# ... #
#. .. ..#.. .#
... .## # .. # #
#


You could see 6 starcursed masses.

Vanquished Creatures
  Josephine (D:12)
  A rakshasa (Abyss:1)
  A great orb of eyes (Abyss:1)
  A hydra (D:12)
  Harold (Lair:1)
  2 boulder beetles (D:11)
  4 two-headed ogres
  4 death yaks (Lair:1)
  Urug (D:11)
  A wretched star (Abyss:1)
  A large abomination (Abyss:1)
  2 deep elf pyromancers
  2 ugly things
  4 cyclopes
  A gargoyle (D:11)
  Psyche (D:9)
  A hellion (Abyss:1)
  3 cane toads
  A tengu conjurer (D:11)
  A queen bee (D:9)
  2 ice devils (Lair:1)
  An ancient zyme (Abyss:1)
  5 trolls
  Prince Ribbit (D:6)
  A flying skull (Abyss:1)
  5 wraiths
  4 wyverns
  A ynoxinul (Abyss:1)
  17 yaks
  2 vampire mosquitoes (D:12)
  A steam dragon (D:8)
  2 acid dragons (D:11)
  7 water moccasins
  5 orc warriors
  A hornet zombie (D:8)
  A necrophage (D:8)
  A black bear (D:5)
  An ice beast (D:5)
  3 wolves (Lair:1)
  An ogre (D:5)
  8 centaurs
  A phantom (D:4)
  3 bullfrogs
  5 kobold brigands
  2 gnoll sergeants
  5 scorpions
  A wyvern zombie (D:7)
  2 vampire bats (D:3)
  26 killer bees
  A howler monkey (D:6)
  A crimson imp (Abyss:1)
  2 hounds (D:6)
  4 centaur skeletons
  A jelly (D:4)
  8 orc priests
  Crazy Yiuf (D:6)
  2 iguanas
  7 orc wizards
  2 hound skeletons (D:4)
  2 howler monkey zombies
  9 gnolls
  5 adders
  A shadow imp (D:8)
  2 white imps
  2 ufetubi
  3 worms
  2 dart slugs
  36 orcs
  10 endoplasms
  4 giant cockroaches
  9 hobgoblins
  2 jackals (D:3)
  18 kobolds
  7 quokkas
  7 ball pythons
  12 bats
  A frilled lizard (Sewer)
  7 goblins
  6 rats (Sewer)
323 creatures vanquished.

Vanquished Creatures (others)
  An unseen horror (D:11)
  3 fungi
  2 plants (Lair:1)
6 creatures vanquished.

Grand Total: 329 creatures vanquished

Notes
Turn   | Place    | Note
-------+----------+-------------------------------------------
     0 | D:1      | Ijustatesigmund the Gargoyle Fighter began the quest for
                  | the Orb.
     0 | D:1      | Reached XP level 1. HP: 14/14 MP: 1/1
   402 | D:1      | Reached XP level 2. HP: 19/19 MP: 2/2
   496 | D:1      | Found a faded altar of an unknown god.
   735 | D:2      | Found Niumuvig's Assorted Antiques.
   740 | D:2      | Bought a black potion for 23 gold pieces
   740 | D:2      | Bought a scroll labelled DUARISIUSK for 26 gold pieces
   776 | D:2      | Reached XP level 3. HP: 23/24 MP: 3/3
  1399 | D:2      | Reached skill level 4 in Fighting
  1782 | D:3      | Reached XP level 4. HP: 29/29 MP: 4/4
  2216 | D:3      | Reached XP level 5. HP: 31/34 MP: 5/5
  2538 | D:4      | Reached skill level 5 in Maces & Flails
  2538 | D:4      | Reached XP level 6. HP: 34/40 MP: 6/6
  2603 | D:4      | Found Melirot's Specific Store.
  2604 | D:4      | Found Eheromab's General Store.
  2609 | D:4      | Bought a scroll of identify for 20 gold pieces
  2609 | D:4      | Bought a scroll of identify for 20 gold pieces
  2671 | D:4      | Found Nadodd's Book Boutique.
  2685 | D:4      | Reached skill level 5 in Fighting
  2857 | D:4      | Reached XP level 7. HP: 20/44 MP: 7/7
  3640 | D:5      | Entered Level 5 of the Dungeon
  3659 | D:5      | Found a staircase to the Ecumenical Temple.
  3674 | Temple   | Entered the Ecumenical Temple
  3916 | D:5      | Reached skill level 1 in Evocations
  4045 | D:5      | Found a hazy altar of Hepliaklqana.
  4432 | D:5      | Found a blossoming altar of Fedhas.
  4439 | D:5      | Reached XP level 8. HP: 42/51 MP: 8/8
  5142 | D:6      | Found a glowing silver altar of Zin.
  5142 | D:6      | Found a sparkling altar of Nemelex Xobeh.
  5179 | D:6      | Noticed Prince Ribbit
  5186 | D:6      | Killed Prince Ribbit
  5187 | D:6      | Reached skill level 5 in Evocations
  5341 | D:6      | Found a runed translucent door.
  5342 | D:6      | Noticed Crazy Yiuf
  5465 | D:6      | Found a glowing drain.
  5487 | Sewer    | Entered a sewer
  5525 | Sewer    | Reached skill level 6 in Fighting
  5666 | Sewer    | Reached skill level 5 in Armour
  6369 | D:6      | Killed Crazy Yiuf
  6370 | D:6      | Reached XP level 9. HP: 36/56 MP: 9/9
  7480 | D:7      | Found Hoawn's Humungous Hoard.
  7488 | D:7      | Bought a potion of heal wounds for 65 gold pieces
  7554 | D:7      | Reached skill level 7 in Fighting
  8518 | D:8      | Reached skill level 8 in Fighting
  8535 | D:8      | Reached XP level 10. HP: 29/64 MP: 10/10
  9398 | D:8      | Found a basalt altar of Yredelemnul.
  9881 | D:9      | Reached skill level 1 in Dodging
  9968 | D:9      | Found a staircase to the Orcish Mines.
 10397 | D:9      | Found a burning altar of Makhleb.
 10805 | D:9      | Found an ornate altar of the Wu Jian Council.
 10946 | D:9      | Reached skill level 9 in Fighting
 11288 | D:9      | Noticed Psyche
 11298 | D:9      | Killed Psyche
 11299 | D:9      | Reached skill level 5 in Shields
 12016 | D:10     | Entered Level 10 of the Dungeon
 12033 | D:10     | Found Cewic's Armour Shoppe.
 12051 | D:10     | Bought the +0 scale mail "Opheoll" {Regen+ Dex-2 Stlth+}
                  | for 115 gold pieces
 12051 | D:10     | Bought a +0 kite shield for 54 gold pieces
 12104 | D:10     | Found Fonus's General Store.
 12114 | D:10     | Reached XP level 11. HP: 72/72 MP: 11/11
 12118 | D:10     | Bought a scroll of identify for 26 gold pieces
 12118 | D:10     | Bought a potion of berserk rage for 65 gold pieces
 12198 | D:10     | Found an iron altar of Okawaru.
 12209 | D:10     | Became a worshipper of Warmaster Okawaru
 12224 | D:10     | Noticed a deep elf pyromancer
 12269 | D:10     | Killed a deep elf pyromancer
 12270 | D:10     | Reached skill level 10 in Fighting
 12353 | D:10     | You fall into a shaft and drop 1 floor!
 12353 | D:11     | Noticed a cyclops
 12353 | D:11     | Found a staircase to the Lair.
 12358 | D:11     | Killed a cyclops
 12358 | D:11     | Reached * piety under Okawaru
 12361 | Lair:1   | Entered Level 1 of the Lair of Beasts
 12437 | Lair:1   | Reached skill level 1 in Invocations
 12542 | Lair:1   | Reached skill level 10 in Maces & Flails
 12836 | Lair:1   | Noticed a death yak
 12836 | Lair:1   | Noticed a death yak
 12845 | Lair:1   | Noticed a death yak
 12845 | Lair:1   | Noticed a death yak
 12851 | Lair:1   | Killed a death yak
 12851 | Lair:1   | Reached ** piety under Okawaru
 13174 | Lair:1   | Noticed Harold
 13192 | Lair:1   | Killed Harold
 13193 | Lair:1   | Reached skill level 11 in Fighting
 13209 | Lair:1   | Killed a death yak
 13214 | Lair:1   | Killed a death yak
 13220 | Lair:1   | Killed a death yak
 13220 | Lair:1   | Reached *** piety under Okawaru
 13474 | Lair:2   | Reached skill level 5 in Invocations
 13474 | Lair:2   | Reached XP level 12. HP: 74/80 MP: 15/15
 13878 | D:11     | Reached skill level 12 in Fighting
 13933 | D:11     | Noticed a two-headed ogre
 13949 | D:11     | Killed a two-headed ogre
 13949 | D:11     | Reached **** piety under Okawaru
 14589 | D:11     | Noticed a two-headed ogre
 14594 | D:11     | Noticed a boulder beetle
 14597 | D:11     | Killed a two-headed ogre
 14628 | D:11     | Killed a boulder beetle
 14628 | D:11     | Reached ***** piety under Okawaru
 14754 | D:11     | Noticed Urug
 14768 | D:11     | Noticed a boulder beetle
 14772 | D:11     | Killed Urug
 14801 | D:11     | HP: 3/82 [boulder beetle (29)]
 14802 | D:11     | Killed a boulder beetle
 15245 | D:12     | Noticed a two-headed ogre
 15257 | D:12     | Killed a two-headed ogre
 15693 | D:12     | Noticed a two-headed ogre
 15699 | D:12     | Noticed a four-headed hydra
 15716 | D:12     | Killed a four-headed hydra
 15717 | D:12     | Reached XP level 13. HP: 59/87 MP: 10/18
 15928 | D:12     | Reached skill level 13 in Fighting
 15960 | D:12     | Found Robrau's Armour Boutique.
 15975 | D:12     | Identified the +7 hunting sling of Ton Ame {freeze, Dex+4}
                  | (Okawaru gifted it to you on level 12 of the Dungeon)
 15975 | D:12     | Received a gift from Okawaru
 16054 | D:12     | Bought a +2 pair of gloves of strength for 344 gold pieces
 16406 | D:13     | Noticed Erolcha
 16406 | D:13     | Noticed Josephine
 16423 | D:12     | Killed Josephine
 16464 | D:13     | Cast into level 1 of the Abyss (Erolcha)
 16558 | Abyss:1  | Noticed a Hell Sentinel
 16583 | Abyss:1  | Noticed a profane servitor
 16643 | Abyss:1  | Noticed a balrug
 16681 | Abyss:1  | Found a corrupted altar of Lugonu.
 16685 | Abyss:1  | Noticed a rakshasa
 16693 | Abyss:1  | Killed a rakshasa
 16716 | Abyss:1  | Noticed a great orb of eyes
 16717 | Abyss:1  | Found a corrupted altar of Lugonu.
 16727 | Abyss:1  | Killed a great orb of eyes
 16736 | Abyss:1  | Noticed a starcursed mass
 16758 | Abyss:1  | Paralysed by accursed screaming for 1 turns
 16759 | Abyss:1  | Killed from afar by a starcursed mass

Illustrated notes

Levels and vault maps discovered:
D:1:      minmay_arrival_solitary_statue, layout_rooms, basic_ecumenical_altar
D:2:      layout_basic, serial_shops, shop
D:3:      layout_loops_ring, roderic_batcave, kennysheep_pointless_box
D:4:      layout_loops_ring, serial_shops, shop, nicolae_specific_store,
          minivault_11, hangedman_glass_teeth,
          amcnicky_mini_rare_corridor_liquid
D:5:      layout_layer_cave, fedhas_altar_fruit_tree, lemuel_round_altar,
          minmay_temple_entry_mini_moons
D:6:      layout_rooms, jmf_multi_god_temple, portal_sewer_entry_f,
          uniq_crazy_yiuf_cottage, uniq_prince_ribbit1
D:7:      layout_loops_cross, nicolae_alphabet_shops
D:8:      layout_rooms, mainiacjoe_overflow_surrounded_room,
          serial_co_window_serial, co_window_corner_a, co_window_paths_b,
          co_window_cross_1, co_window_paths_a, co_window_paths_a,
          co_window_paths_b, co_window_paths_a, co_window_of_opportunity_c,
          co_window_of_opportunity_c, co_window_broadway_b, co_window_corner_b,
          co_window_of_opportunity_c, co_window_corner_b, co_window_4corner_a
D:9:      layout_long_grid, mainiacjoe_overflow_catwalk_spiral, david_orc_3,
          minivault_7, uniq_psyche
D:10:     layout_loops_corners, kennysheep_okawaru_gauntlet,
          mainiacjoe_overflow_catwalk, serial_shops, nicolae_stop_n_shop_1,
          shop, kennysheep_mini_moat, shop_statue
D:11:     layout_big_octagon, lair_entry_dummy, minmay_alternating_orb,
          uniq_urug
D:12:     layout_loops_ring, serial_shops, shop_fountains
D:13:     layout_loops_ring, david_vaults_5, chei_slow_surprise, uniq_erolcha,
          uniq_josephine
Temple:   nicolae_temple_god_jail
Lair:1:   layout_cave_pods, portal_ice_cave_demonic_guard, uniq_harold
Lair:2:   layout_chaotic_city, grunt_megastairs_1
Abyss:1:  base: D:9, evilmike_abyss_exit_2, evilmike_abyss_exit_kraken

Skill      XL: |  1  2  3  4  5  6  7  8  9 10 11 12 13 |
---------------+----------------------------------------+-----
Maces & Flails | 3 4 5 6 8 9 10 12 | 12.5
Fighting       | 4 5 6 8 9 11 12 13 | 13.3
Armour         | 4 5 7 |  7.5
Evocations     | 3 5 |  5.9
Dodging        | 3 4 |  4.0
Shields        | 5 7 8 |  8.0
Invocations    | 5 7 8 |  8.7

Action                   |  1- 3 |  4- 6 |  7- 9 | 10-12 | 13-15 || total
-------------------------+-------+-------+-------+-------+-------++-------
Melee: Hand axe          |   100 |    76 |       |       |       ||   176
       Flail             |       |    47 |   390 |   696 |   124 ||  1257
Invok: Heroism           |       |       |       |     9 |     4 ||    13
       Finesse           |       |       |       |     2 |     3 ||     5
Evoke: Wand              |       |       |    14 |    20 |     4 ||    38
  Use: Scroll            |     5 |     6 |     9 |    10 |     3 ||    33
       Potion            |       |     1 |       |    21 |     8 ||    30
 Stab: Paralysed         |       |       |     6 |     6 |       ||    12
       Held in net/web   |       |       |       |     1 |       ||     1
       Sleeping          |       |       |       |     1 |       ||     1
       Distracted        |       |       |       |     1 |       ||     1
Armor: Scale mail        |    56 |    65 |   264 |   237 |    35 ||   657
       Acid dragon scale |       |       |       |    71 |    12 ||    83
Dodge: Dodged            |    43 |    55 |   221 |   356 |    56 ||   731
Block: Buckler           |    12 |    24 |   111 |    59 |       ||   206
       Kite shield       |       |       |       |   380 |   100 ||   480
       Reflection        |       |       |       |    25 |     6 ||    31

Table legend: (Time is in decaauts)
 A = Elapsed time spent in this place.
 B = Non-inter-level travel time spent in this place.
 C = Inter-level travel time spent in this place.
 D = Time resting spent in this place.
 E = Time spent auto-exploring this place.
 F = Levels seen in this place.
 G = Mean time per level.
                   A        B        C        D        E       F      G
               +--------+--------+--------+--------+--------+-----+--------+
         Total |  16851 |  16264 |    587 |   3829 |   9334 |  18 |  936.2 |
       Dungeon |  14658 |  14186 |    472 |   3510 |   8188 |  13 | 1127.5 |
        Temple |     53 |     39 |     14 |      0 |     29 |   1 |   53.0 |
          Lair |   1178 |   1078 |    100 |     39 |    775 |   2 |  589.0 |
         Abyss |    276 |    276 |      0 |     39 |     79 |   1 |  276.0 |
         Sewer |    683 |    683 |      0 |    240 |    262 |   1 |  683.0 |
               +--------+--------+--------+--------+--------+-----+--------+

Top non-repeatable levels by time:
     D:8: 2230 daAuts
     D:9: 1929 daAuts
    D:12: 1502 daAuts
     D:5: 1422 daAuts
    D:11: 1403 daAuts
     D:7: 1338 daAuts
  Lair:1: 1155 daAuts
     D:4: 1044 daAuts
     D:2: 1024 daAuts
     D:3: 897 daAuts
     D:6: 777 daAuts
     D:1: 724 daAuts
   Sewer: 683 daAuts
    D:10: 344 daAuts
 Abyss:1: 276 daAuts
